 Dungeon Crawl Stone Soup version 0.29-a0-219-g0a02b1cf4f (webtiles) character file.

Game seed: 12626159461695341517

264 jlumianski the Ducker (level 5, -3/39 HPs)
             Began as a Demonspawn Gladiator on Feb 26, 2022.
             Slain by a gnoll
             ... wielding a +0 spear
              (4 damage)
             ... on level 4 of the Dungeon.
             The game lasted 00:17:00 (4248 turns).

jlumianski the Ducker (Demonspawn Gladiator)        Turns: 4248, Time: 00:17:01

Health: -3/39      AC:  5    Str: 17    XL:     5   Next: 98%
Magic:  5/5        EV: 12    Int:  9    God:
Gold:   117        SH:  0    Dex: 14    Spells: 4/4 levels left

rFire   . . .      SeeInvis .   e - +4 triple sword (elec)
rCold   . . .      Faith    .   (shield currently unavailable)
rNeg    . . .      Spirit   .   b - +0 leather armour
rPois   .          Reflect  .   c - +0 helmet
rElec   .          Harm     .   (no cloak)
rCorr   .          Rampage  .   (no gloves)
Will    .....                   m - +0 pair of boots
Stlth   +.........              (no amulet)
HPRegen 0.13/turn               (no ring)
MPRegen 0.09/turn               (no ring)

@: mighty
A: ignite blood 2, powered by pain 1
a: no special abilities


You were on level 4 of the Dungeon.
You visited 1 branch of the dungeon, and saw 4 of its levels.
You also visited: Sewer.

You collected 153 gold pieces.
You spent 36 gold pieces at shops.

Inventory:

Hand Weapons
 a - a +0 war axe
 e - a +4 triple sword of electrocution (weapon)
 f - a +0 dagger
 j - a +0 hunting sling
Missiles
 d - 3 throwing nets
 n - 113 stones
 v - 8 boomerangs (quivered)
 y - 9 poisoned darts
Armour
 b - a +0 leather armour (worn)
 c - a +0 helmet (worn)
 m - a +0 pair of boots (worn)
Scrolls
 g - 2 scrolls of immolation
 p - a scroll of vulnerability {unknown}
 t - 3 scrolls of enchant armour {unknown}
 u - 2 scrolls of fog {unknown}
Potions
 h - 2 potions of curing
 i - a potion of heal wounds
 k - a potion of invisibility
 l - a potion of flight
 o - 3 potions of attraction
 q - 3 potions of haste {unknown}
 r - a potion of magic {unknown}
 s - a potion of cancellation
 w - a potion of berserk rage {unknown}
 x - a potion of degeneration {unknown}


   Skills:
 + Level 2.4 Fighting
 + Level 0.2(2.0) Short Blades
 + Level 3.2 Long Blades
 + Level 3.0 Axes
 + Level 2.5 Throwing
 + Level 1.8 Armour
 + Level 3.2 Dodging
 + Level 1.1 Stealth


You had 4 spell levels left.
You didn't know any spells.
Your spell library contained the following spells:

 Spells                   Type           Power      Damage    Failure   Level
 Animate Skeleton         Necr           0%         N/A       43%         1
 Apportation              Tloc           0%         N/A       43%         1
 Summon Small Mammal      Summ           0%         N/A       43%         1
 Static Discharge         Conj/Air       0%         N/A       58%         2
 Dispel Undead            Necr           0%         3d6       99%         4
 Sticky Flame             Conj/Fire      0%         2d3       99%         4


Dungeon Overview and Level Annotations

Branches:
Dungeon (4/15)              Sewer (visited)
 Temple: D:4-7

Altars:
Zin
The Shining One

Shops:
D:1 !


Innate Abilities, Weirdness & Mutations

Your demonic aura often causes spilled blood to erupt in flames.
You sometimes gain a little power by taking damage.


Message History

A ball python comes into view.
The ball python completely misses you. The ball python grabs you.
The ball python constricts you.
You slice the ball python!!
You kill the ball python!
You see here a ball python corpse.
Done exploring.
There is a stone staircase leading down here.
You climb downwards.
There is a stone staircase leading up here.
Found a dagger.
q - 3 blue potions (gained 1)
A gnoll comes into view. It is wielding a +0 spear.
A gnoll comes into view. It is wielding a +0 spear.
The gnoll shouts! x2; You hear a shout!
A gnoll comes into view. It is wielding a +0 halberd.
The gnoll shouts!
A gnoll comes into view. It is wielding a +0 halberd.
The gnoll hits you from afar with a +0 spear.
The gnoll shouts!
The gnoll barely misses you.
You hit the gnoll. Lightning courses through the gnoll!
You kill the gnoll!
The gnoll closely misses you.
A goblin comes into view. It is wielding a +0 dagger.
The gnoll hits you from afar with a +0 spear!
The gnoll hits you with a +0 spear.
The gnoll hits you from afar with a +0 halberd!
You focus on the pain.
You feel very mighty all of a sudden.
You see here a +0 spear.
You closely miss the gnoll. The gnoll closely misses you.
The gnoll barely misses you. x2; The gnoll hits you but does no damage.
You barely miss the gnoll. The gnoll hits you with a +0 spear.
The gnoll hits you from afar with a +0 halberd.
You closely miss the gnoll. The gnoll barely misses you.
The gnoll hits you from afar with a +0 halberd!
* * * LOW HITPOINT WARNING * * *
The gnoll hits you with a +0 spear.
You die...

#.###.###.####.#
#.# #.#.....##.#
..#
#.#.###.##.#######
### #...
#..........# ###
#.##.#####..
...##.# #.####.#
#. #.# # #@# #g#
#g# #g# #g# ..#
#.# #.#


You could see 3 gnolls and a goblin.

Vanquished Creatures
  A scorpion (D:3)
  A howler monkey (D:3)
  A hound (D:3)
  A gnoll (D:4)
  5 adders
  2 worms
  An orc (D:3)
  4 ball pythons
  10 bats
  12 endoplasms
  7 giant cockroaches
  5 hobgoblins (D:1)
  11 kobolds
  5 quokkas
  3 frilled lizards
  6 goblins
  8 rats
83 creatures vanquished.

Vanquished Creatures (others)
  10 plants (D:1)
10 creatures vanquished.

Grand Total: 93 creatures vanquished

Notes
Turn   | Place    | Note
-------+----------+-------------------------------------------
     0 | D:1      | jlumianski the Demonspawn Gladiator began the quest for the
                  | Orb.
     0 | D:1      | Reached XP level 1. HP: 16/16 MP: 1/1
   392 | D:1      | Gained mutation: You sometimes gain a little power by
                  | taking damage. [demonic ancestry]
   392 | D:1      | Reached XP level 2. HP: 7/22 MP: 2/2
   889 | D:1      | Identified a scroll of acquirement
   891 | D:1      | Acquired a +4 triple sword of electrocution
  1019 | D:1      | Found Rintoink's Distillery.
  1028 | D:1      | Bought a potion of curing for 36 gold pieces
  1397 | D:1      | Reached XP level 3. HP: 27/27 MP: 3/3
  2365 | D:2      | Reached skill level 1 in Long Blades
  2365 | D:2      | Reached skill level 1 in Armour
  2587 | D:3      | Gained mutation: Your demonic aura sometimes causes spilled
                  | blood to erupt in flames. [demonic ancestry]
  2587 | D:3      | Reached XP level 4. HP: 33/33 MP: 4/4
  2653 | D:3      | Reached skill level 1 in Stealth
  2731 | D:3      | Gained mutation: Your demonic aura often causes spilled
                  | blood to erupt in flames. [demonic ancestry]
  2731 | D:3      | Reached XP level 5. HP: 38/38 MP: 5/5
  3061 | D:3      | Found a glowing drain.
  3065 | Sewer    | Entered a sewer
  4248 | D:4      | HP: 1/39 [gnoll/+0 halberd (11)]
  4248 | D:4      | Slain by a gnoll

Illustrated notes

Levels and vault maps discovered:
D:1:      psy_arrival_fountain, layout_basic, serial_shops, shop, serial_forest,
          infiniplex_forest_clump_C, infiniplex_forest_lined_room_2,
          infiniplex_forest_clump_tiny, infiniplex_forest_lined_2,
          infiniplex_forest_clump_cross, infiniplex_forest_split
D:2:      layout_loops_cross, serial_glass, glass_columns_b, glass_columns_a,
          basic_altar, kennysheep_generic_room_16
D:3:      layout_basic, zin_academy, gup_sewer_entry_spiral,
          roderic_roman_lattice
D:4:      layout_loops_ring, uniq_robin, uniq_eustachio

Skill      XL: |  1  2  3  4  5 |
---------------+----------------+-----
Dodging        | 3 |  3.2
Axes           | 3 |  3.0
Throwing       | 2 |  2.5
Long Blades    | 1 2 3 |  3.2
Armour         | 1 |  1.8
Stealth        | 1 |  1.1
Fighting       | |  2.4
Short Blades   | |  0.2

Action                   |  1- 3 |  4- 6 || total
-------------------------+-------+-------++-------
Melee: Dagger            |    36 |       ||    36
       War axe           |    22 |       ||    22
       Triple sword      |    50 |    89 ||   139
Throw: Throwing net      |     1 |       ||     1
       Stone             |    26 |       ||    26
       Boomerang         |     6 |    14 ||    20
  Use: Scroll            |     5 |     4 ||     9
       Potion            |       |     1 ||     1
 Stab: Held in net/web   |     1 |       ||     1
       Sleeping          |     2 |       ||     2
       Distracted        |       |     1 ||     1
Armor: Leather armour    |    33 |    18 ||    51
Dodge: Dodged            |    72 |    75 ||   147

Table legend: (Time is in decaauts)
 A = Elapsed time spent in this place.
 B = Non-inter-level travel time spent in this place.
 C = Inter-level travel time spent in this place.
 D = Time resting spent in this place.
 E = Time spent auto-exploring this place.
 F = Levels seen in this place.
 G = Mean time per level.
                   A        B        C        D        E       F      G
               +--------+--------+--------+--------+--------+-----+--------+
         Total |   4490 |   4455 |     35 |    188 |   2746 |   5 |  898.0 |
       Dungeon |   3725 |   3690 |     35 |      0 |   2605 |   4 |  931.2 |
         Sewer |    764 |    764 |      0 |    188 |    141 |   1 |  764.0 |
               +--------+--------+--------+--------+--------+-----+--------+

Top non-repeatable levels by time:
     D:1: 1561 daAuts
     D:3: 1059 daAuts
     D:2: 1055 daAuts
   Sewer: 764 daAuts
     D:4: 48 daAuts
